PAAA
HOUSTON BC @ NAPERVILLE BATTLEKINGS
07/16/2029
 
TOP OF THE 1ST
Houston BC batting - Pitching for Naperville Battlekings : RHP Jordan Turpin
Pitching: RHP Jordan Turpin
Batting: RHB Habbo Allaart 0-0: Called Strike
0-1: Called Strike
0-2: Foul Ball, location: 2F
0-2: Strikes out swinging
Batting: RHB Alfredo Mojica 0-0: Ball
1-0: Ball
2-0: Ball
3-0: Called Strike
3-1: Reached on error, E3 (Popup, 3)
Batting: LHB Dawit Lihalakha Pickoff Throw to First - Out!
0-0: Fly out, F8 (Flyball, 8RD)
Top of the 1st over - 0 runs, 0 hits, 1 error, 0 left on base; Houston 0 - Naperville 0
BOTTOM OF THE 1ST
Naperville Battlekings batting - Pitching for Houston BC : LHP Mike Owens
Pitching: LHP Mike Owens
Batting: RHB Fernando Martínez 0-0: Ball
1-0: Ball
2-0: Ball
3-0: Base on Balls
Batting: RHB Hirohisa Ogasawara 0-0: Foul Ball, location: 2F
0-1: Ball
1-1: DOUBLE (Flyball, 78D)
Fernando Martínez to third
Runner from 3rd tries for Home, SAFE, no throw
Batting: RHB Bill Rinck 0-0: Fly out, F8 (Flyball, 8RS)
Batting: RHB Scott Zijm 0-0: Foul Ball, location: 2F
0-1: Ball
1-1: Foul Ball, location: 2F
1-2: Foul Ball, location: 2F
1-2: SINGLE (Flyball, 7S)
Hirohisa Ogasawara to third
Runner from 3rd tries for Home, SAFE, no throw
Batting: LHB Naohiro Sakai 0-0: Called Strike
0-1: Foul Ball, location: 2F
0-2: Strikes out swinging
Batting: RHB Jorge Baker 0-0: Ball
1-0: Called Strike
1-1: Ball
2-1: Ball
3-1: Foul Ball, location: 2F
3-2: Fly out, F3 (Line Drive, 3L)
Bottom of the 1st over - 2 runs, 2 hits, 0 errors, 1 left on base; Houston 0 - Naperville 2
TOP OF THE 2ND
Houston BC batting - Pitching for Naperville Battlekings : RHP Jordan Turpin
Batting: RHB António López 0-0: Ball
1-0: SINGLE (Groundball, 6D)
Batting: RHB Ludovico Trezza 0-0: Called Strike
0-1: Ball
1-1: Fly out, F7 (Flyball, 7LM)
Batting: LHB Álex Ramírez 0-0: Ball
1-0: Swinging Strike
1-1: Ball
2-1: Foul Ball, location: 2F
2-2: Ball
3-2: Base on Balls
António López to second
Batting: RHB Alfredo Rivera 0-0: Called Strike
0-1: Foul Ball, location: 2F
0-2: Foul Ball, location: 2F
0-2: Ball
1-2: Foul Ball, location: 2F
1-2: Ball
2-2: Grounds into double play, 5-4-3 (Groundball, 56)
Top of the 2nd over - 0 runs, 1 hit, 0 errors, 1 left on base; Houston 0 - Naperville 2
BOTTOM OF THE 2ND
Naperville Battlekings batting - Pitching for Houston BC : LHP Mike Owens
Batting: LHB Marcos Costa 0-0: Foul Ball, location: 2F
0-1: Ball
1-1: Ball
2-1: Ground out 6-3 (Groundball, 6)
Batting: RHB António Guzmán 0-0: Fly out, F9 (Flyball, 9S)
Batting: LHB Arthur Ryan 0-0: Ball
1-0: Ball
2-0: Foul Ball, location: 2F
2-1: Ball
3-1: Base on Balls
Batting: RHB Fernando Martínez 0-0: Called Strike
0-1: Ball
1-1: Ball
2-1: Foul Ball, location: 2F
2-2: Fly out, F8 (Flyball, 78D)
Bottom of the 2nd over - 0 runs, 0 hits, 0 errors, 1 left on base; Houston 0 - Naperville 2
TOP OF THE 3RD
Houston BC batting - Pitching for Naperville Battlekings : RHP Jordan Turpin
Batting: RHB Tyler Utterback 0-0: Ball
1-0: Ball
2-0: Called Strike
2-1: Swinging Strike
2-2: Foul Ball, location: 2F
2-2: Ball
3-2: Fly out, F9 (Flyball, 89M)
Batting: RHB George Zeek 0-0: Ball
1-0: Ball
2-0: Called Strike
2-1: Ground out 6-3 (Groundball, 6M)
Batting: RHB Habbo Allaart 0-0: Called Strike
0-1: Ground out 5-3 (Groundball, 56)
Top of the 3rd over - 0 runs, 0 hits, 0 errors, 0 left on base; Houston 0 - Naperville 2
BOTTOM OF THE 3RD
Naperville Battlekings batting - Pitching for Houston BC : LHP Mike Owens
Batting: RHB Hirohisa Ogasawara 0-0: Ball
1-0: Ball
2-0: Foul Ball, location: 2F
2-1: Ground out 1-3 (Groundball, 15S)
Batting: RHB Bill Rinck 0-0: Ball
1-0: SINGLE (Groundball, 6D)
Batting: RHB Scott Zijm 0-0: Called Strike
0-1: Ball
1-1: Fly out, F9 (Line Drive, 9D)
Batting: LHB Naohiro Sakai 0-0: SINGLE (Groundball, 34D)
Bill Rinck to second
Runner from 2nd tries for 3rd, SAFE, throw made to third
Batting: RHB Jorge Baker 0-0: Ball
1-0: Ball
2-0: Ball
3-0: Called Strike
3-1: Base on Balls
Naohiro Sakai to second
Batting: LHB Marcos Costa 0-0: Called Strike
0-1: SINGLE (Groundball, 34D)
Bill Rinck scores
Naohiro Sakai to third
Jorge Baker to second
Runner from 3rd tries for Home, SAFE, no throw
Batting: RHB António Guzmán 0-0: Foul Ball, location: 2F
0-1: 3-RUN HOME RUN (Flyball, 7LD), Distance : 358 ft
Batting: LHB Arthur Ryan 0-0: Called Strike
0-1: Ball
1-1: SINGLE (Line Drive, 56)
Batting: RHB Fernando Martínez 0-0: Foul Ball, location: 2F
0-1: Called Strike
0-2: Strikes out looking
Bottom of the 3rd over - 5 runs, 5 hits, 0 errors, 1 left on base; Houston 0 - Naperville 7
TOP OF THE 4TH
Houston BC batting - Pitching for Naperville Battlekings : RHP Jordan Turpin
Batting: RHB Alfredo Mojica 0-0: Ball
1-0: Ball
2-0: Ground out 6-3 (Groundball, 56D)
Batting: LHB Dawit Lihalakha 0-0: Called Strike
0-1: Ball
1-1: Foul Ball, location: 2F
1-2: Foul Ball, location: 2F
1-2: Ball
2-2: Ball
3-2: Base on Balls
Batting: RHB António López 0-0: Foul Ball, location: 2F
0-1: Grounds into double play, 5-4-3 (Groundball, 56)
Top of the 4th over - 0 runs, 0 hits, 0 errors, 0 left on base; Houston 0 - Naperville 7
BOTTOM OF THE 4TH
Naperville Battlekings batting - Pitching for Houston BC : LHP Mike Owens
Batting: RHB Hirohisa Ogasawara 0-0: Ball
1-0: Foul Ball, location: 2F
1-1: Foul Ball, location: 2F
1-2: Ball
2-2: Ground out 6-3 (Groundball, 6M)
Batting: RHB Bill Rinck 0-0: Called Strike
0-1: Ball
1-1: Ball
2-1: Called Strike
2-2: Ball
3-2: Foul Ball, location: 2F
3-2: Base on Balls
Batting: RHB Scott Zijm 0-0: Ball
1-0: Ball
2-0: Swinging Strike
2-1: Called Strike
2-2: Foul Ball, location: 2F
2-2: Strikes out looking
Batting: LHB Naohiro Sakai 0-0: Called Strike
0-1: Foul Ball, location: 2F
0-2: 2-RUN HOME RUN (Flyball, 89XD), Distance : 413 ft
Batting: RHB Jorge Baker 0-0: Ball
1-0: Ball
2-0: Foul Ball, location: 2F
2-1: SINGLE (Groundball, 56D)
Batting: LHB Marcos Costa 0-0: Called Strike
0-1: Fly out, F6 (Line Drive, 6)
Bottom of the 4th over - 2 runs, 2 hits, 0 errors, 1 left on base; Houston 0 - Naperville 9
TOP OF THE 5TH
Houston BC batting - Pitching for Naperville Battlekings : RHP Jordan Turpin
Batting: RHB Ludovico Trezza 0-0: Hit by Pitch
Batting: LHB Álex Ramírez 0-0: Ball
1-0: Ball
2-0: Ball
3-0: Called Strike
3-1: Foul Ball, location: 2F
3-2: Base on Balls
Ludovico Trezza to second
Batting: RHB Alfredo Rivera 0-0: Called Strike
Ludovico Trezza steals 3rd base
Álex Ramírez to second
0-1: Ball
1-1: DOUBLE (Line Drive, 9LM)
Ludovico Trezza scores
Álex Ramírez scores
Batting: RHB Tyler Utterback 0-0: Called Strike
0-1: Swinging Strike
0-2: Ground out 5-3 (Groundball, 56)
Batting: RHB George Zeek 0-0: Ball
1-0: Called Strike
1-1: Ball
2-1: Ball
3-1: Base on Balls
Batting: RHB Habbo Allaart 0-0: Ball
1-0: Fly out, F7 (Flyball, 7S)
Batting: RHB Alfredo Mojica 0-0: Ball
1-0: Called Strike
1-1: Fielders Choice at 2nd, 6-4 (Groundball, 56D)
Top of the 5th over - 2 runs, 1 hit, 0 errors, 2 left on base; Houston 2 - Naperville 9
BOTTOM OF THE 5TH
Naperville Battlekings batting - Pitching for Houston BC : LHP Mike Owens
Batting: RHB António Guzmán 0-0: Ball
1-0: Ball
2-0: Called Strike
2-1: Ball
3-1: Ground out 4-3 (Groundball, 34)
Batting: LHB Arthur Ryan 0-0: Ball
1-0: Ball
2-0: Called Strike
2-1: Swinging Strike
2-2: Strikes out swinging
Batting: RHB Fernando Martínez 0-0: Ball
1-0: Ball
2-0: Called Strike
2-1: Ball
3-1: Base on Balls
Pitching: RHP Marc Morgan
Batting: RHB Hirohisa Ogasawara 0-0: Called Strike
0-1: Ball
1-1: SINGLE (Groundball, 4MD)
Fernando Martínez to second
Batting: RHB Bill Rinck 0-0: Fielders Choice at 2nd, 4-6 (Groundball, 4MD)
Bottom of the 5th over - 0 runs, 1 hit, 0 errors, 2 left on base; Houston 2 - Naperville 9
TOP OF THE 6TH
Houston BC batting - Pitching for Naperville Battlekings : RHP Jordan Turpin
Batting: LHB Dawit Lihalakha 0-0: Foul Ball, location: 2F
0-1: Ball
1-1: Ground out 6-3 (Groundball, 6)
Batting: RHB António López 0-0: Ball
1-0: Ball
2-0: Called Strike
2-1: Foul Ball, location: 2F
2-2: Ground out 1-3 (Groundball, 13S)
Batting: RHB Ludovico Trezza 0-0: Ball
1-0: Ball
2-0: Ball
3-0: Called Strike
3-1: Called Strike
3-2: Base on Balls
Batting: LHB Álex Ramírez 0-0: Ball
1-0: Ball
2-0: Ball
3-0: Base on Balls
Ludovico Trezza to second
Batting: RHB Alfredo Rivera 0-0: Called Strike
0-1: Foul Ball, location: 2F
0-2: Ball
1-2: Fly out, F9 (Flyball, 9D)
Top of the 6th over - 0 runs, 0 hits, 0 errors, 2 left on base; Houston 2 - Naperville 9
BOTTOM OF THE 6TH
Naperville Battlekings batting - Pitching for Houston BC : RHP Marc Morgan
Batting: RHB Scott Zijm 0-0: Swinging Strike
0-1: Ball
1-1: Called Strike
1-2: Ball
2-2: Ground out 3-1 (Groundball, 34)
Batting: LHB Naohiro Sakai 0-0: Called Strike
0-1: Ball
1-1: Ball
2-1: Ball
3-1: Swinging Strike
3-2: Foul Ball, location: 2F
3-2: Foul Ball, location: 2F
3-2: Base on Balls
Batting: RHB Jorge Baker 0-0: Swinging Strike
0-1: Ball
1-1: Ball
2-1: Foul Ball, location: 2F
2-2: Fly out, F7 (Flyball, 7S)
Batting: LHB Marcos Costa 0-0: Ball
1-0: Ground out 1-3 (Groundball, 13S)
Bottom of the 6th over - 0 runs, 0 hits, 0 errors, 1 left on base; Houston 2 - Naperville 9
TOP OF THE 7TH
Houston BC batting - Pitching for Naperville Battlekings : RHP Jordan Turpin
Batting: RHB Tyler Utterback 0-0: SINGLE (Flyball, 89M)
Batting: RHB George Zeek 0-0: Ball
1-0: Called Strike
1-1: Foul Ball, location: 2F
1-2: Ball
2-2: Strikes out swinging
Batting: RHB Habbo Allaart 0-0: Ball
1-0: SINGLE (Line Drive, 7LS)
Tyler Utterback to second
Batting: RHB Alfredo Mojica 0-0: Called Strike
Tyler Utterback steals 3rd base
0-1: Called Strike
0-2: Strikes out swinging
Batting: LHB Dawit Lihalakha 0-0: Foul Ball, location: 2F
0-1: Foul Ball, location: 2F
0-2: SINGLE (Line Drive, 8LS)
Tyler Utterback scores
Habbo Allaart to second
Batting: RHB António López 0-0: Foul Ball, location: 2F
0-1: DOUBLE (Line Drive, 78D)
Habbo Allaart scores
Dawit Lihalakha to third
Batting: RHB Ludovico Trezza 0-0: Ball
1-0: Ball
2-0: Ball
3-0: Called Strike
3-1: Swinging Strike
3-2: Foul Ball, location: 2F
3-2: Foul Ball, location: 2F
3-2: SINGLE (Groundball, 6MD)
Dawit Lihalakha scores
António López to third
António López scores
Pitching: LHP Chris Rogers
Batting: LHB Álex Ramírez 0-0: Ball
1-0: Ball
2-0: Ball
3-0: Called Strike
3-1: DOUBLE (Line Drive, 3D)
Ludovico Trezza to third
Runner from 3rd tries for Home, SAFE, no throw
Batting: RHB Alfredo Rivera 0-0: Called Strike
0-1: Ball
1-1: Ball
2-1: Foul Ball, location: 2F
2-2: Ball
3-2: Foul Ball, location: 2F
3-2: Fly out, F8 (Flyball, 8RD)
Top of the 7th over - 5 runs, 6 hits, 0 errors, 1 left on base; Houston 7 - Naperville 9
BOTTOM OF THE 7TH
Naperville Battlekings batting - Pitching for Houston BC : RHP Marc Morgan
Batting: RHB António Guzmán 0-0: Called Strike
0-1: Ground out 5-3 (Groundball, 56)
Batting: LHB Arthur Ryan 0-0: SINGLE (Groundball, 5S) (infield hit)
Batting: RHB Fernando Martínez 0-0: Ball
Arthur Ryan steals 2nd base
1-0: Ground out 6-3 (Groundball, 6)
Arthur Ryan to third
Batting: RHB Hirohisa Ogasawara 0-0: Called Strike
0-1: Ball
1-1: DOUBLE (Flyball, 8RXD)
Arthur Ryan scores
Batting: RHB Bill Rinck 0-0: Ball
1-0: Foul Ball, location: 2F
1-1: Ball
2-1: Foul Ball, location: 2F
2-2: Ground out 5-3 (Groundball, 56S)
Bottom of the 7th over - 1 run, 2 hits, 0 errors, 1 left on base; Houston 7 - Naperville 10
TOP OF THE 8TH
Houston BC batting - Pitching for Naperville Battlekings : LHP Chris Rogers
Batting: RHB Tyler Utterback 0-0: Ball
1-0: Ball
2-0: Called Strike
2-1: Ball
3-1: Foul Ball, location: 2F
3-2: Strikes out swinging
Batting: RHB George Zeek 0-0: Ball
1-0: Ball
2-0: Swinging Strike
2-1: Ground out 6-3 (Groundball, 6)
Batting: RHB Habbo Allaart 0-0: Called Strike
0-1: Foul Ball, location: 2F
0-2: Ball
1-2: Foul Ball, location: 2F
1-2: Ground out 6-3 (Groundball, 6)
Top of the 8th over - 0 runs, 0 hits, 0 errors, 0 left on base; Houston 7 - Naperville 10
BOTTOM OF THE 8TH
Naperville Battlekings batting - Pitching for Houston BC : RHP Marc Morgan
Batting: RHB Scott Zijm 0-0: Ball
1-0: Called Strike
1-1: Ball
2-1: Ground out 6-3 (Groundball, 6)
Batting: LHB Naohiro Sakai 0-0: Ball
1-0: Ball
2-0: Called Strike
2-1: Foul Ball, location: 2F
2-2: Fly out, F9 (Flyball, 9)
Batting: RHB Jorge Baker 0-0: Fly out, F9 (Line Drive, 9)
Bottom of the 8th over - 0 runs, 0 hits, 0 errors, 0 left on base; Houston 7 - Naperville 10
TOP OF THE 9TH
Houston BC batting - Pitching for Naperville Battlekings : LHP Chris Rogers
Pitching: LHP Kris Ross
Batting: RHB Alfredo Mojica 0-0: Ball
1-0: Swinging Strike
1-1: Foul Ball, location: 2F
1-2: Strikes out looking
Batting: LHB Dawit Lihalakha 0-0: Called Strike
0-1: Called Strike
0-2: Foul Ball, location: 2F
0-2: Strikes out swinging
Batting: RHB António López 0-0: Ball
1-0: Foul Ball, location: 2F
1-1: Ball
2-1: Ball
3-1: Swinging Strike
3-2: SINGLE (Groundball, 6D)
Batting: RHB Ludovico Trezza 0-0: Fly out, F7 (Flyball, 7LMF)
Top of the 9th over - 0 runs, 1 hit, 0 errors, 1 left on base; Houston 7 - Naperville 10
Tuesday, December 19th, 2017 - OOTP Baseball 18.8 Build 76